 Dungeon Crawl Stone Soup version 0.29.1-1-gd02db6906a (webtiles) character file.

Game seed: 4212183245810536329

51 RevDB the Gusty (level 3, -3/20 HPs)
             Began as a Tengu Air Elementalist on Sept 16, 2022.
             Killed from afar by Sigmund (11 damage)
             ... with a puff of flame
             ... on level 2 of the Dungeon.
             The game lasted 00:10:33 (1021 turns).

RevDB the Gusty (Tengu Air Elementalist)            Turns: 1021, Time: 00:10:33

Health: -3/20      AC:  2    Str:  8    XL:     3   Next: 83%
Magic:  7/7        EV: 12    Int: 17    God:
Gold:   57         SH:  0    Dex: 14    Spells: 3/6 levels left

rFire   . . .      SeeInvis .   l - +0 falchion
rCold   . . .      Faith    .   (no shield)
rNeg    . . .      Spirit   .   a - +0 robe
rPois   .          Reflect  .   (helmet restricted)
rElec   .          Harm     .   (no cloak)
rCorr   .          Rampage  .   (no gloves)
Will    .....                   (boots unavailable)
Stlth   +.........              (no amulet)
HPRegen 0.06/turn               (no ring)
MPRegen 0.10/turn               (no ring)

@: confused
A: beak, talons 3
a: no special abilities


You were on level 2 of the Dungeon.
You visited 1 branch of the dungeon, and saw 2 of its levels.

You collected 57 gold pieces.

Inventory:

Hand Weapons
 d - a +0 dagger
 l - a +0 falchion (weapon)
Armour
 a - a +0 robe (worn)
Scrolls
 e - a scroll of poison {unknown}
 f - a scroll of identify {unknown}
 g - a scroll of enchant weapon {unknown}
 h - a scroll of immolation {unknown}
 i - 3 scrolls of vulnerability {unknown}
 k - a scroll of teleportation {unknown}
 m - a scroll of enchant armour {unknown}
Potions
 b - a potion of magic
 c - a potion of resistance {unknown}
 j - a potion of curing {unknown}


   Skills:
 - Level 1.0 Fighting
 - Level 2.1 Dodging
 - Level 2.0 Stealth
 - Level 2.0 Spellcasting
 + Level 3.3 Conjurations
 - Level 5.0 Air Magic


You had 3 spell levels left.
You knew the following spells:

 Your Spells              Type           Power      Damage    Failure   Level
a - Shock                 Conj/Air       60%        1d6       3%          1
b - Static Discharge      Conj/Air       15%        3-5/arc   5%          2

Your spell library contained the following spells:

 Spells                   Type           Power      Damage    Failure   Level
 Magic Dart               Conj           52%        1d5       4%          1
 Swiftness                Air            18%        N/A       8%          3
 Mephitic Cloud           Conj/Pois/Air  11%        N/A       19%         3
 Call Imp                 Summ           1%         N/A       28%         2
 Airstrike                Air            9%         2d(2-18)  24%         4


Dungeon Overview and Level Annotations

Branches:
Dungeon (2/15)

Altars:

Annotations:
D:2 Sigmund


Innate Abilities, Weirdness & Mutations

You have a beak for a mouth.
You have claws for feet.


Message History

Aim: an adder (wandering, hasn't noticed you, 53% to hit)
The zap hits the adder.
The adder is moderately wounded.
The adder hisses angrily.
Aiming: Shock (safe; 3% risk of failure)
Press: ? - help, Q - select action, (/) - cycle Shift-Dir - straight line, f/p - adder
Aim: an adder (moderately wounded, 53% to hit)
The zap hits the adder.
The adder is almost dead.
Aiming: Shock (safe; 3% risk of failure)
Press: ? - help, Q - select action, (/) - cycle Shift-Dir - straight line, p - adder The zap hits the adder.
The adder is almost dead.
You hit the adder but do no damage.
The adder is almost dead.
The adder bites you. x2
You hit the adder.
You kill the adder!
Training target 5.0 for Air Magic reached!
Your Air Magic skill increases to level 5!
You need to enable at least one skill for training.
Found 13 gold pieces.
You now have 57 gold pieces (gained 13).
Sigmund the Dreaded comes into view.
He is wielding a +0 scythe.
Sigmund shouts!
Sigmund is suddenly surrounded by pale blue light.
Sigmund gestures at you while chanting.
You are confused.
You're too confused to cast spells.
You bump into the rock wall.
Sigmund misses you.
You bump into the rock wall.
Sigmund casts a spell at you. The magic dart hits you.
Sigmund casts a spell at you.
You are more confused.
Sigmund says, "I'm your fate." Sigmund casts a spell at you.
The puff of flame hits you!
Ouch! That really hurt!
You die...

#.##.## #......
###############.##
#............##.#
#.#####..###†#.#.#
#.# #..# #..###.
#.# #...##.## #
#.# ........ #@#
.#.>.##.. #.#
.##..###.#.
#.##.##... ..##
#.@......# ###
####.##### #


You could see Sigmund.

Vanquished Creatures
  2 adders (D:2)
  A worm (D:2)
  2 dart slugs (D:1)
  3 bats
  3 endoplasms
  3 goblins (D:1)
  2 hobgoblins (D:1)
  A quokka (D:1)
  6 ball pythons (D:1)
  2 frilled lizards (D:1)
  2 kobolds (D:1)
  A rat (D:1)
28 creatures vanquished.

Notes
Turn   | Place    | Note
-------+----------+-------------------------------------------
     0 | D:1      | RevDB the Tengu Air Elementalist began the quest for the
                  | Orb.
     0 | D:1      | Reached XP level 1. HP: 10/10 MP: 4/4
   224 | D:1      | Reached XP level 2. HP: 13/15 MP: 0/6
   294 | D:1      | Learned a level 2 spell: Static Discharge
   352 | D:1      | Reached skill level 1 in Fighting
   633 | D:1      | Reached XP level 3. HP: 20/20 MP: 4/7
   993 | D:2      | Reached skill level 5 in Air Magic
  1009 | D:2      | Noticed Sigmund
  1021 | D:2      | Killed from afar by Sigmund

Illustrated notes

Levels and vault maps discovered:
D:1:      denvon_arrival_waterhouse, layout_rooms, interstate_on_off
D:2:      layout_loops_corners, uniq_sigmund

Skill      XL: |  1  2  3 |
---------------+----------+-----
Conjurations   | 2 3 |  3.3
Fighting       | 1 |  1.0
Air Magic      | 5 |  5.0
Dodging        | |  2.1
Stealth        | |  2.0
Spellcasting   | |  2.0

Action                   || total
-------------------------++-------
Melee: Dagger            ||    18
       Peck              ||     2
       Unarmed           ||     1
       Kick              ||     1
       Punch             ||     1
       Falchion          ||     4
 Cast: Shock             ||    51
Armor: Robe              ||     3
Dodge: Dodged            ||    22
